Map: Vaani Research Station (Void)

Players

cyper

  • Race: Zerg Zerg
  • League: Diamond
  • Spawn Location: 6:00

Musumeci - Winner!

  • Race: Zerg Zerg
  • League: Diamond
  • Spawn Location: 12:00

VOD

Have the link to the VOD?

Description

Time

  • Played on: Jan. 10, 2017, 7:26 a.m.
  • Length: 15:39
Show
View Real Time Build Order
Export as new Build Order

cyper Zerg 

Build Orders: Hatch First 

Get SALT Encoding   

  12  0:00  Drone  
  13  0:13  Overlord  
  13  0:18  Drone  
  14  0:31  Drone x2  
  14  0:35  Drone  
  17  0:54  Hatchery  
  17  0:56  Drone  
  17  1:00  Drone  
  18  1:11  Extractor  
  17  1:16  Spawning Pool  
  16  1:18  Drone  
  17  1:26  Extractor  
  17  1:33  Drone x2  
  17  1:39  Overlord  
  19  2:02  Queen  
  19  2:03  Zergling x4  
  19  2:06  Queen  
  19  2:07  Zergling x2  
  26  2:13  Metabolic Boost  
  26  2:24  Zergling x6  
  26  2:28  Drone  
  30  2:47  Baneling Nest  
  29  2:54  Drone x5  
  34  3:02  Overlord  
  34  3:16  Overlord x2  
  34  3:20  Drone x2  
  32  3:49  Zergling x12  
  32  3:51  Zergling x2  
  32  3:52  Zergling x10  
  42  4:02  Roach Warren  
  41  4:08  Baneling x2  
  33  4:40  Baneling x2, Zergling x2  
  33  4:41  Zergling x16  
  33  4:42  Zergling x4  
  43  4:52  Overlord  
  29  5:02  Zergling x2  
  29  5:06  Roach x2  
  26  5:18  Roach x4  
  26  5:20  Zergling x2  
  35  5:25  Drone  
  36  5:32  Baneling x7  
  36  5:33  Drone  
  37  5:36  Zergling x2  
  38  5:43  Zergling x6  
  38  5:45  Zergling x2  
  42  5:54  Drone x2  
  42  5:55  Drone  
  36  6:37  Roach x2, Zergling x2  
  36  6:38  Zergling x10  
  45  6:50  Drone x2  
  45  7:04  Roach x2  
  47  7:08  Zergling x2  
  38  7:25  Zergling x10  
  38  7:26  Zergling x8  
  47  7:34  Roach  
  44  7:49  Lair  
  44  7:51  Roach x3  
  44  7:55  Roach  
  44  7:57  Roach  
  50  8:01  Baneling x3  
  50  8:02  Baneling  
  50  8:08  Overlord x2  
  50  8:15  Drone  
  47  8:31  Roach x3  
  50  8:34  Zergling x4  
  50  8:38  Zergling x2  
  45  8:43  Zergling x6  
  45  8:44  Zergling x2  
  49  8:50  Zergling x2  
  49  8:51  Zergling x2  
  49  8:52  Baneling  
  49  8:53  Baneling  
  49  8:54  Baneling  
  51  8:59  Baneling  
  51  9:00  Extractor  
  50  9:05  Zergling x6  
  50  9:09  Zergling x2  
  52  9:19  Zergling x4  
  52  9:20  Zergling x4  
  52  9:23  Baneling  
  52  9:24  Baneling  
  54  9:40  Roach x2  
  54  9:41  Zergling x8  
  61  9:51  Roach  
  60  9:53  Zergling x4  
  60  9:55  Baneling  
  58  10:35  Spore Crawler  
  58  10:37  Spore Crawler  
  58  10:38  Spore Crawler  
  58  10:41  Hydralisk Den  
  30  11:08  Spore Crawler  
  30  11:10  Hydralisk x3  
  26  11:12  Spore Crawler  
  26  11:13  Hydralisk  
  27  11:20  Zergling x10  
  27  11:21  Extractor  
  31  11:26  Hydralisk  
  33  11:40  Hydralisk  
  35  11:55  Drone  
  35  11:57  Drone  
  35  12:00  Drone  
  38  12:05  Drone  
  39  12:10  Drone  
  38  12:24  Hydralisk  
  38  12:27  Drone  
  41  12:30  Drone  
  41  12:34  Drone  
  43  12:38  Drone  
  43  12:43  Drone  
  45  12:50  Drone x2  
  47  12:53  Drone  
  48  12:59  Overlord  
  48  13:05  Overlord  
  48  13:17  Hydralisk x2  
  52  13:24  Overlord  
  52  13:26  Overlord  
  52  13:41  Hydralisk  
  47  13:42  Hydralisk x2  
  47  13:44  Zergling x2  
  50  13:54  Hydralisk x2  
  54  14:14  Hatchery  
  54  14:16  Drone x2  
  55  14:22  Overlord  
  55  14:28  Overlord  
  53  14:37  Overlord  
  53  14:41  Hydralisk  
  53  14:42  Hydralisk  
  57  14:45  Hydralisk  
  57  14:48  Drone  
  57  14:51  Drone  
  61  14:53  Zergling x2  
  61  14:55  Zergling x2  
Show
View Real Time Build Order
Export as new Build Order

Musumeci Zerg - Winner!

Build Orders: Pool First, Zergling Baneling 

Get SALT Encoding   

  12  0:08  Drone  
  12  0:11  Drone  
  14  0:15  Drone, Extractor  
  15  0:26  Overlord  
  15  0:45  Drone x2  
  17  0:54  Spawning Pool  
  17  0:55  Drone  
  17  0:56  Extractor  
  16  1:21  Evolution Chamber  
  16  1:24  Hatchery  
  14  1:32  Drone x2  
  16  1:34  Drone  
  17  1:49  Queen  
  17  1:53  Drone  
  20  2:01  Overlord  
  20  2:11  Metabolic Boost  
  20  2:15  Zergling x2  
  21  2:19  Zergling x2  
  22  2:27  Queen  
  24  2:32  Drone  
  24  2:36  Zergling x2  
  26  2:56  Overlord  
  26  2:58  Drone x5  
  30  3:06  Baneling Nest  
  30  3:10  Zergling x2  
  30  3:14  Zergling x2  
  30  3:16  Zergling x2  
  32  3:22  Zergling x4  
  34  3:29  Zergling x2  
  34  3:30  Zergling x2  
  36  3:35  Zergling x2  
  34  3:49  Zergling x14  
  41  3:56  Evolution Chamber  
  40  4:03  Baneling x2  
  40  4:30  Baneling x2  
  39  4:38  Baneling x2  
  37  4:49  Baneling x2  
  32  5:03  Zergling x8  
  32  5:04  Zergling x16  
  38  5:15  Drone  
  38  5:16  Drone  
  40  5:26  Zergling x4  
  40  5:28  Baneling x2  
  42  5:30  Hatchery  
  42  5:34  Zerg Ground Armor Level 1  
  41  5:36  Overlord  
  41  5:37  Overlord  
  41  5:39  Baneling  
  41  5:44  Zergling x4  
  42  6:00  Zergling x12  
  47  6:13  Baneling x3  
  33  6:38  Zergling x16  
  36  7:05  Zergling x12  
  40  7:12  Hatchery  
  40  7:14  Extractor x2  
  40  7:15  Drone  
  31  7:32  Zergling x12  
  31  7:36  Lair  
  37  7:38  Zerg Melee Weapons Level 1  
  37  7:41  Drone x4  
  38  7:53  Baneling x2  
  38  7:54  Zergling x10  
  43  8:01  Drone  
  43  8:03  Drone  
  45  8:10  Zergling x6  
  48  8:14  Drone  
  48  8:15  Drone x3  
  51  8:31  Zergling x8  
  52  8:39  Drone x2, Extractor  
  52  8:40  Spire  
  51  8:41  Drone  
  51  8:48  Drone x2  
  54  8:49  Drone  
  55  9:07  Drone x6  
  62  9:10  Drone  
  62  9:14  Drone  
  58  9:27  Zergling x2  
  58  9:28  Zergling x10, Extractor x2  
  57  9:39  Queen  
  57  9:41  Zergling x4  
  57  9:42  Zergling x2  
  57  9:53  Mutalisk x3  
  63  10:03  Mutalisk x2  
  63  10:06  Overlord x2  
  53  10:29  Mutalisk x6  
  53  10:34  Zergling x6  
  62  10:54  Spire  
  58  11:06  Drone  
  58  11:07  Drone x7  
  64  11:20  Drone x2  
  66  11:29  Drone  
  66  11:30  Drone x2  
  69  11:39  Queen  
  63  11:58  Overlord  
  63  12:07  Mutalisk x3, Extractor  
  68  12:25  Drone x3  
  68  12:26  Drone x2  
  69  12:32  Overlord x2  
  69  12:38  Zerg Flyer Weapons Level 1  
  69  12:45  Mutalisk  
  69  12:46  Mutalisk  
  73  12:53  Mutalisk  
  73  12:54  Mutalisk  
  77  13:04  Zergling x14  
  84  13:07  Drone x2  
  84  13:08  Queen  
  88  13:13  Drone x3  
  88  13:17  Zerg Melee Weapons Level 2  
  91  13:22  Mutalisk  
  91  13:23  Mutalisk  
  87  13:42  Mutalisk x2  
  87  13:43  Mutalisk  
  93  13:56  Drone  
  93  13:57  Drone  
  93  13:59  Centrifical Hooks  
  93  14:02  Baneling x4, Zergling x2  
  96  14:03  Zergling x14  
  103  14:11  Overlord x5  
  103  14:14  Extractor  
  103  14:16  Hatchery  
  101  14:20  Extractor  
  100  14:32  Mutalisk x2  
  100  14:33  Mutalisk x4  
  112  15:00  Mutalisk x5  
Tags
 
Add a new tag
Caveats
  • Supply blocks, unpowered buildings, or Contaminate may cause inaccurate times.
  • Supply counts are checked every 10 seconds.